 Dungeon Crawl Stone Soup version 0.22-a0-748-g283c1ef38e (webtiles) character file.

28540 Kholdaimon the Peltast (level 13, 0/107 HPs)
             Began as a Minotaur Fighter on July 14, 2018.
             Was the Champion of Okawaru.
             Killed by divine providence
             ... invoked by a meliai
              (10 damage)
             ... on level 14 of the Dungeon on July 15, 2018.
             The game lasted 01:43:00 (15038 turns).

Kholdaimon the Peltast (Minotaur Fighter)          Turns: 15038, Time: 01:43:01

Health: 0/107      AC: 19    Str: 22    XL:     13   Next: 10%
Magic:  13/13      EV: 12    Int:  9    God:    Okawaru [******]
Gold:   517        SH: 14    Dex: 10    Spells: 12/12 levels left

rFire    . . .     SeeInvis .   J - +2 falchion (freeze)
rCold    + . .     Gourm    .   c - +0 shield
rNeg     . . .     Faith    .   j - +4 scale mail of the Vanishing Wars {+Inv rCorr Stlth+}
rPois    .         Spirit   .   (helmet restricted)
rElec    .         Reflect  .   (no cloak)
rCorr    +         Harm     .   S - +0 pair of gloves
MR       .....                  a - +1 pair of boots {Stlth+}
Stlth    ++........             L - amulet of magic regeneration
HPRegen  0.27/turn              F - +3 ring of protection
MPRegen  0.38/turn              M - ring of protection from cold

@: slowed, very slow
A: retaliatory headbutt, horns 2
a: Heroism, Finesse, Renounce Religion, Evoke Invisibility


You were on level 14 of the Dungeon.
You worshipped Okawaru.
Okawaru was exalted by your worship.
You were not hungry.

You visited 2 branches of the dungeon, and saw 15 of its levels.

You collected 1064 gold pieces.
You spent 547 gold pieces at shops.

Inventory:

Hand Weapons
 m - a +2 arbalest of freezing
 q - a +4 great sword
 I - the +1 hand crossbow of Wu Jian's Delight {elec, MR++}
   (You bought it in a shop on level 5 of the Dungeon)

   It charges the ammunition it shoots with electricity; occasionally upon a
   hit, such missiles may discharge and cause terrible harm.
   It affects your resistance to hostile enchantments.
 J - a +2 falchion of freezing (weapon)
 P - a +2 mace of protection
Missiles
 i - 3 throwing nets (quivered)
 v - 219 bolts
Armour
 a - a +1 pair of boots of stealth (worn)
 c - a +0 shield (worn)
 j - the +4 scale mail of the Vanishing Wars (worn) {+Inv rCorr Stlth+}
   (You found it on level 10 of the Dungeon)

   It lets you turn invisible.
   It provides partial protection from all sources of acid and corrosion.
   It makes you more stealthy.
 R - a +0 scale mail of poison resistance
 S - a +0 pair of gloves (worn)
Jewellery
 p - an uncursed ring of protection from fire
 x - an uncursed ring of see invisible
 y - an uncursed ring of protection from magic
 B - a +5 ring of strength
 F - a +3 ring of protection (left hand)
 L - an amulet of magic regeneration (around neck)
 M - a ring of protection from cold (right hand)
 V - an uncursed ring of protection from magic
Wands
 u - a wand of acid (20)
 G - a wand of paralysis (14)
 H - a wand of iceblast (10)
 O - a wand of digging (11)
 Z - a wand of flame (16)
Scrolls
 h - 6 scrolls of remove curse
 o - 5 scrolls of teleportation
 r - 2 scrolls of fear
 s - a scroll of blinking {unknown}
 t - a scroll of acquirement {unknown}
 w - a scroll of enchant armour {unknown}
 A - 3 scrolls of fog
 K - a scroll of enchant weapon {unknown}
 T - a scroll of amnesia
 W - a scroll of magic mapping
Potions
 b - 2 potions of flight
 d - a potion of might
 e - a potion of degeneration {unknown}
 g - 2 potions of lignification
 l - 3 potions of brilliance
 n - 2 potions of curing
 z - 5 potions of haste
 D - a potion of mutation
 E - 2 potions of cancellation
 N - a potion of berserk rage
 Q - a potion of agility
 Y - 2 potions of resistance
Comestibles
 f - 13 rations
 k - 8 chunks of flesh


   Skills:
 + Level 8.3 Fighting
 - Level 14.0 Long Blades
 - Level 10.0 Crossbows
 + Level 8.3 Armour
 + Level 6.4 Dodging
 - Level 15.0 Shields
 + Level 1.5 Invocations


You had 12 spell levels left.
You didn't know any spells.
Your spell library contained the following spells:

 Spells                   Type           Power        Failure   Level  Hunger
 Summon Small Mammal      Summ           #...         67%         1    ##.....
 Summon Ice Beast         Ice/Summ       #.......     100%        4    #####..
 Call Imp                 Summ           #.......     80%         2    ###....
 Call Canine Familiar     Summ           #.......     95%         3    ####...
 Summon Lightning Spire   Summ/Air       #.......     100%        4    #####..
 Summon Guardian Golem    Hex/Summ       #.......     95%         3    ####...


Dungeon Overview and Level Annotations

Branches:
Dungeon (14/15)            Temple (1/1) D:5            Lair (0/6) D:9
    Orc (0/2) D:9
 Vaults: D:13-14

Altars:
Ashenzari
Cheibriados
Dithmenos
Elyvilon
Fedhas
Gozag
Hepliaklqana
Kikubaaqudgha
Makhleb
Nemelex Xobeh
Okawaru
Qazlal
Ru
Sif Muna
Trog
Uskayaw
Vehumet
Wu Jian
Xom
Yredelemnul
Zin
The Shining One
Beogh

Shops:
D:5 (   D:9 !

Portals:
Ice
Cave: D:14

Annotations:
D:10 3 runed doors, iamserjio's ghost, journeyman DsBe


Innate Abilities, Weirdness & Mutations

You reflexively headbutt those who attack you in melee.
You have a pair of horns on your head.


Message History

Something smites you!
* * * LOW HITPOINT WARNING * * *
You block the freezing wraith's attack. x2
You hit the freezing wraith.
The freezing wraith is lightly damaged.
The meliai calls down the wrath of its god upon you.
Something smites you!
* * * LOW HITPOINT WARNING * * *
You feel much better.
The meliai invokes the aid of its god against you.
Something smites you!
* * * LOW HITPOINT WARNING * * *
The freezing wraith hits you.
* * * LOW HITPOINT WARNING * * *
The freezing wraith freezes you. You resist.
* * * LOW HITPOINT WARNING * * *
The freezing wraith hits you but does no damage.
The meliai mumbles some strange prayers to its god against you.
Something smites you!
You die...

### # #∩. ### #. #..
≈(.<.# ##. #...≈#.# #.#
....#..≈#≈.# #(#
......$#≈..# #.#
#..yy...# #.#
####W#..###.###.#
#@#......(...# ####
#.#.####(#
##...##.#...†.†#
##.....#.#......##
#........#.......########
#........#...............
#>......##.............##
##.....#...#.#########.#
##.).##.....# #.#


You could see a freezing wraith and 2 meliai.

Vanquished Creatures
  Nessos (D:12)
  A hydra (D:11)
  5 two-headed ogres
  A centaur warrior (D:13)
  An unseen horror (D:12)
  2 deep elf magi (D:13)
  An ugly thing (D:13)
  A manticore (D:13)
  Joseph (D:7)
  Psyche (D:11)
  A centaur zombie (D:12)
  2 gargoyles
  A kobold demonologist (D:12)
  2 rime drakes (D:14)
  A freezing wraith (D:11)
  5 trolls
  4 meliai (D:14)
  9 slime creatures
  Grinder (D:6)
  3 hippogriffs
  A vampire (D:11)
  2 wyverns (D:10)
  18 yaks
  4 hungry ghosts
  8 vampire mosquitoes
  Menkaure (D:6)
  Edmund (D:6)
  9 orc warriors
  8 ice beasts
  5 sky beasts
  A hornet zombie (D:9)
  3 necrophages
  2 black bears
  4 phantoms
  6 ogres
  6 centaurs
  2 big kobolds (D:12)
  4 bullfrogs
  6 jellies
  3 scorpions
  A water moccasin skeleton (D:10)
  A wyvern skeleton (D:9)
  22 killer bees
  6 wights
  2 howler monkeys (D:11)
  3 bullfrog zombies
  5 crimson imps
  8 hounds
  A quasit (D:9)
  7 bullfrog skeletons
  7 centaur skeletons
  9 orc priests
  3 iguanas
  11 orc wizards
  8 worker ants
  A hound zombie (D:11)
  A hound skeleton (D:4)
  3 worker ant zombies
  A howler monkey skeleton (D:5)
  10 adders
  4 shadow imps
  An ooze (D:5)
  An adder zombie (D:6)
  A worm (D:3)
  3 dart slugs (D:1)
  A leopard gecko (D:2)
  64 orcs
  A ball python (D:7)
  6 bats
  4 giant cockroaches
  5 hobgoblins
  14 jackals
  20 kobolds
  5 quokkas
  3 frilled lizards
  2 goblins
  A quokka skeleton (D:7)
  A quokka zombie (D:5)
  6 rats
391 creatures vanquished.

Vanquished Creatures (others)
  A wyvern skeleton (D:14)
1 creature vanquished.

Grand Total: 392 creatures vanquished

Notes
Turn   | Place    | Note
-------+----------+-------------------------------------------
     0 | D:1      | Kholdaimon the Minotaur Fighter began the quest for the Orb.
     0 | D:1      | Reached XP level 1. HP: 19/19 MP: 0/0
   158 | D:1      | Reached XP level 2. HP: 22/27 MP: 1/1
   268 | D:1      | Reached skill level 4 in Shields
  1110 | D:2      | Reached XP level 3. HP: 33/33 MP: 2/2
  1198 | D:2      | Found a shattered altar of Ashenzari.
  1707 | D:3      | Reached XP level 4. HP: 26/40 MP: 3/3
  1721 | D:2      | Reached skill level 1 in Dodging
  2338 | D:3      | Reached XP level 5. HP: 26/47 MP: 4/4
  2481 | D:3      | Found a blossoming altar of Fedhas.
  2528 | D:3      | Found an ornate altar of the Wu Jian Council.
  2683 | D:4      | Noticed a phantom
  2719 | D:4      | Killed a phantom
  2760 | D:4      | Found a radiant altar of Vehumet.
  2870 | D:4      | Reached XP level 6. HP: 55/55 MP: 5/5
  3004 | D:4      | Reached skill level 5 in Fighting
  3004 | D:4      | Reached skill level 5 in Armour
  3004 | D:4      | Reached skill level 5 in Shields
  3017 | D:4      | Found an ancient bone altar of Kikubaaqudgha.
  3315 | D:5      | Entered Level 5 of the Dungeon
  3316 | D:5      | Noticed an ice beast
  3343 | D:5      | Killed an ice beast
  3343 | D:5      | Reached XP level 7. HP: 35/61 MP: 6/6
  3526 | D:5      | Reached skill level 5 in Long Blades
  3911 | D:5      | Found Qiytur's Weapon Emporium.
  3998 | D:5      | Reached skill level 6 in Shields
  4005 | D:5      | Found a staircase to the Ecumenical Temple.
  4047 | D:5      | Reached XP level 8. HP: 68/70 MP: 7/7
  4057 | Temple   | Entered the Ecumenical Temple
  4064 | Temple   | Became a worshipper of Warmaster Okawaru
  4337 | D:6      | Noticed Menkaure
  4340 | D:6      | Noticed Grinder
  4355 | D:6      | Killed Menkaure
  4386 | D:6      | Killed Grinder
  4779 | D:6      | Reached * piety under Okawaru
  4867 | D:6      | Noticed Edmund
  4886 | D:6      | Killed Edmund
  4886 | D:6      | Reached skill level 5 in Dodging
  4886 | D:6      | Reached skill level 7 in Shields
  5197 | D:6      | Found a glowing golden altar of the Shining One.
  5254 | D:6      | Found a deep blue altar of Sif Muna.
  5395 | D:5      | Bought the cursed +1 hand crossbow of Wu Jian's Delight {elec, MR++} for 287 gold pieces
  5479 | D:7      | Reached XP level 9. HP: 15/79 MP: 8/8
  5484 | D:7      | Reached ** piety under Okawaru
  5484 | D:7      | Reached skill level 1 in Crossbows
  6292 | D:7      | Noticed Joseph
  6306 | D:7      | Killed Joseph
  6306 | D:7      | Reached *** piety under Okawaru
  6760 | D:8      | Noticed a two-headed ogre
  6769 | D:8      | Killed a two-headed ogre
  6769 | D:8      | Received a gift from Okawaru
  6769 | D:8      | Reached skill level 5 in Crossbows
  6769 | D:8      | Reached skill level 8 in Shields
  6769 | D:8      | Reached XP level 10. HP: 48/88 MP: 9/9
  6777 | D:8      | Reached **** piety under Okawaru
  7697 | D:9      | Found Feleoh's Distillery.
  7722 | D:9      | Bought a potion of heal wounds for 65 gold pieces
  7722 | D:9      | Bought a potion of resistance for 130 gold pieces
  7722 | D:9      | Bought a potion of berserk rage for 65 gold pieces
  7843 | D:9      | Noticed a two-headed ogre
  7844 | D:9      | Found a staircase to the Orcish Mines.
  7848 | D:9      | Killed a two-headed ogre
  7848 | D:9      | Reached skill level 9 in Shields
  7956 | D:9      | Found a staircase to the Lair.
  8132 | D:10     | Entered Level 10 of the Dungeon
  8380 | D:10     | Paralysed by fainting for 8 turns
  8749 | D:10     | Reached ***** piety under Okawaru
  8888 | D:10     | Found a runed gate.
  8888 | D:10     | Found a runed gate.
  8888 | D:10     | Found a runed gate.
  8889 | D:10     | Noticed iamserjio's ghost (journeyman DsBe)
  9089 | D:10     | Received a gift from Okawaru
  9109 | D:10     | Reached skill level 10 in Shields
  9166 | D:10     | You fall through a shaft for 3 floors!
  9485 | D:13     | Reached XP level 11. HP: 94/94 MP: 10/10
  9665 | D:12     | Noticed a two-headed ogre
  9671 | D:12     | Killed a two-headed ogre
  9671 | D:12     | Received a gift from Okawaru
  9741 | D:12     | Reached skill level 10 in Long Blades
  9807 | D:12     | Noticed an unseen horror
  9823 | D:12     | Killed an unseen horror
 10017 | D:10     | Reached skill level 10 in Crossbows
 10233 | D:10     | Received a gift from Okawaru
 10350 | D:10     | Reached skill level 11 in Shields
 10409 | D:10     | Got an ichor-stained scale mail
 10462 | D:10     | Noticed a two-headed ogre
 10479 | D:10     | Killed a two-headed ogre
 10501 | D:10     | Received a gift from Okawaru
 10534 | D:10     | Got a warped robe
 10552 | D:10     | Identified the +4 scale mail of the Vanishing Wars {+Inv rCorr Stlth+} (You found it on level 10 of the Dungeon)
 10583 | D:10     | Identified the cursed +1 robe "Koeryng" {rN+ rCorr Str+4} (You found it on level 10 of the Dungeon)
 10979 | D:11     | Received a gift from Okawaru
 11260 | D:11     | Noticed a seven-headed hydra
 11262 | D:11     | Noticed a two-headed ogre
 11268 | D:11     | Killed a seven-headed hydra
 11268 | D:11     | Reached skill level 12 in Shields
 11272 | D:11     | Killed a two-headed ogre
 11272 | D:11     | Received a gift from Okawaru
 11272 | D:11     | Received a gift from Okawaru
 11327 | D:11     | Noticed Psyche
 11331 | D:11     | Killed Psyche
 11331 | D:11     | Reached XP level 12. HP: 97/101 MP: 11/11
 12351 | D:12     | Found a roughly hewn altar of Beogh.
 12424 | D:12     | Reached skill level 13 in Shields
 12835 | D:12     | Noticed Nessos
 13220 | D:12     | Killed Nessos
 13477 | D:12     | Upgraded the game from 0.22-a0-619-ga0c6fd2ff5 to 0.22-a0-748-g283c1ef38e
 13537 | D:13     | Noticed a centaur warrior
 13546 | D:13     | Killed a centaur warrior
 13715 | D:13     | Received a gift from Okawaru
 13715 | D:13     | Reached skill level 14 in Shields
 14859 | D:14     | Reached skill level 15 in Shields
 14871 | D:14     | Reached XP level 13. HP: 73/107 MP: 12/12
 14966 | D:14     | Reached skill level 1 in Invocations
 14985 | D:14     | Reached ****** piety under Okawaru
 15010 | D:14     | Found a frozen archway.
 15038 | D:14     | Killed from afar by a meliai

Vault maps used:
D:1:      dpeg_arrival_chase
D:2:      evilmike_ruin_ashenzari, minivault_23
D:3:      nicolae_overflow_hidden_temple
D:4:      lemuel_doored_altar, kiku_gazebo_pond_becter
D:5:      minmay_temple_entry_large_hall, serial_shops, shop_statue,
          first_ration
D:6:      kennysheep_mini, nicolae_tso_swordbearing_angel, uniq_menkaure,
          uniq_grinder, uniq_edmund
D:7:      uniq_joseph
D:9:      lair_entry_dummy, orc_0_dummy, serial_shops, nicolae_shop_crystal
D:10:     minmay_the_grid_octo_tiled_octocenter, gammafunk_ghost_necromancy
D:11:     uniq_psyche
D:12:     special_room, uniq_nessos
D:14:     david_vaults_5, nicolae_ru_awakened_eye, portal_ice_cave_rime
Temple:   nicolae_temple_no_exploring_needed

Skill      XL: |  1  2  3  4  5  6  7  8  9 10 11 12 13 |
---------------+----------------------------------------+-----
Shields        | 4 5 6 7 8 10 12 15 | 15.0
Fighting       | 4 5 6 7 8 |  8.3
Armour         | 4 5 6 7 8 |  8.3
Long Blades    | 3 4 5 6 8 9 12 14 | 14.0
Dodging        | 1 2 3 4 5 6 |  6.4
Crossbows      | 5 8 10 | 10.0
Invocations    | 1 |  1.5

Action                   |  1- 3 |  4- 6 |  7- 9 | 10-12 | 13-15 || total
-------------------------+-------+-------+-------+-------+-------++-------
Melee: Long sword        |    85 |   134 |   205 |       |       ||   424
       Headbutt          |    11 |    16 |    44 |   100 |     2 ||   173
       Falchion          |       |       |       |   533 |    13 ||   546
       Hand crossbow     |       |       |       |     1 |       ||     1
 Fire: Blowgun           |       |     2 |    17 |       |       ||    19
       Hunting sling     |       |       |    17 |       |       ||    17
       Hand crossbow     |       |       |    78 |   539 |    41 ||   658
Throw: Stone             |     9 |     4 |    14 |       |       ||    27
Invok: Heroism           |       |       |       |     2 |       ||     2
  Use: Scroll            |       |     6 |     7 |     8 |       ||    21
       Potion            |       |       |     2 |     3 |     4 ||     9
  Eat: Chunk             |     3 |     5 |     4 |    15 |       ||    27
       Ration            |       |       |     2 |     5 |       ||     7
Armor: Scale mail        |    29 |       |       |   101 |    20 ||   150
       Plate armour      |    26 |    92 |    98 |   198 |       ||   414
       Skin              |       |       |    18 |       |       ||    18
Dodge: Dodged            |    16 |    28 |    54 |   254 |    13 ||   365
Block: Shield            |    46 |    78 |   131 |   472 |    30 ||   757
       Rpst.: Long sword |     6 |     4 |    14 |       |       ||    24
       Falchion          |       |       |       |    40 |     1 ||    41

Table legend:
 A = Spawn XP
 B = Non-spawn XP
 C = Spawn XP percentage of total XP
 D = Spawn monster count
 E = Non-spawn monster count
 F = Spawn count percentage of total count
 G = Total turns spent on level
                    A         B        C        D         E        F      G
               +---------+---------+-------+---------+---------+-------+---------
         Total |       0 |   40772 |   0.0 |       0 |     391 |   0.0 | 15038
               +---------+---------+-------+---------+---------+-------+---------
           D:1 |       0 |      35 |   0.0 |       0 |      19 |   0.0 |   893
           D:2 |       0 |      98 |   0.0 |       0 |      14 |   0.0 |  1062
           D:3 |       0 |     102 |   0.0 |       0 |      18 |   0.0 |   677
           D:4 |       0 |     393 |   0.0 |       0 |       7 |   0.0 |   693
           D:5 |       0 |     954 |   0.0 |       0 |      20 |   0.0 |  1039
           D:6 |       0 |    1137 |   0.0 |       0 |      15 |   0.0 |  1088
           D:7 |       0 |    1528 |   0.0 |       0 |      23 |   0.0 |   946
           D:8 |       0 |    1869 |   0.0 |       0 |      24 |   0.0 |  1052
           D:9 |       0 |    1753 |   0.0 |       0 |      28 |   0.0 |   667
          D:10 |       0 |    7245 |   0.0 |       0 |      60 |   0.0 |  2071
          D:11 |       0 |    6733 |   0.0 |       0 |      41 |   0.0 |  1433
          D:12 |       0 |    7463 |   0.0 |       0 |      63 |   0.0 |  1352
          D:13 |       0 |    7467 |   0.0 |       0 |      37 |   0.0 |  1826
          D:14 |       0 |    3995 |   0.0 |       0 |      22 |   0.0 |   224
               +---------+---------+-------+---------+---------+-------+---------
